TOP OF THE 1ST |
Cincinnati Reds batting - Pitching for Philadelphia Phillies : RHP Tanner Roark
|
Pitching: RHP Tanner Roark
|
|
Batting: RHB Trea Turner
|
0-0: Ball 1-0: Called Strike 1-1: Ball 2-1: Foul Ball, location: 2F 2-2: SINGLE (Groundball, 4MD, EV 103.8 MPH)
|
Batting: LHB Robinson Cano
|
0-0: Fly out, F5 (Popup, 5SF, EV 78.1 MPH)
|
Batting: RHB Gio Urshela
|
0-0: Ball Trea Turner is caught stealing 2nd base 2-4 1-0: Foul Ball, location: 2F 1-1: Foul Ball, location: 2F 1-2: Foul Ball, location: 2F 1-2: SOLO HOME RUN (Flyball, 7D, EV 93.8 MPH), Distance : 380 ft
|
Batting: LHB Joey Gallo
|
0-0: Called Strike 0-1: Ball 1-1: Called Strike 1-2: Foul Ball, location: 2F 1-2: Ball 2-2: Ball 3-2: SOLO HOME RUN (Flyball, 89XD, EV 92.5 MPH), Distance : 405 ft
|
Batting: LHB Gregory Polanco
|
0-0: Called Strike 0-1: Swinging Strike 0-2: Ball 1-2: Fly out, F7 (Flyball, 7D, EV 83.8 MPH)
|
Top of the 1st over - 2 runs, 3 hits, 0 errors, 0 left on base; Cincinnati 2 - Philadelphia 0 |
BOTTOM OF THE 1ST |
Philadelphia Phillies batting - Pitching for Cincinnati Reds : LHP Dallas Keuchel
|
Pitching: LHP Dallas Keuchel
|
|
Batting: RHB Justin Turner
|
0-0: Swinging Strike 0-1: Ground out 6-3 (Groundball, 6, EV 86.3 MPH)
|
Batting: RHB Wilmer Flores
|
0-0: Ball 1-0: Called Strike 1-1: Ball 2-1: Ground out 5-3 (Groundball, 56S, EV 86.9 MPH)
|
Batting: SHB Ketel Marte
|
0-0: Fly out, F8 (Flyball, 89M, EV 86.9 MPH)
|
Bottom of the 1st over - 0 runs, 0 hits, 0 errors, 0 left on base; Cincinnati 2 - Philadelphia 0 |
TOP OF THE 2ND |
Cincinnati Reds batting - Pitching for Philadelphia Phillies : RHP Tanner Roark
|
Batting: RHB Tomas Nido
|
0-0: Foul Ball, location: 2F 0-1: DOUBLE (Line Drive, 8RXD, EV 104.4 MPH)
|
Batting: SHB Adalberto Mondesi
|
0-0: Ball 1-0: Foul Ball, location: 2F 1-1: Ball 2-1: Swinging Strike 2-2: Ball 3-2: Foul Ball, location: 2F 3-2: Strikes out swinging
|
Batting: RHB Kevin Newman
|
0-0: SINGLE (Flyball, 3D, EV 91.3 MPH) Tomas Nido to third
|
Batting: LHB Dallas Keuchel
|
0-0: Sac Bunt to 13S - play at first, batter OUT! 1-4 Kevin Newman to second
|
Batting: RHB Trea Turner
|
0-0: Ball 1-0: Swinging Strike 1-1: Called Strike 1-2: Foul Ball, location: 2F 1-2: Ball 2-2: Ground out 6-3 (Groundball, 6M, EV 98.8 MPH)
|
Top of the 2nd over - 0 runs, 2 hits, 0 errors, 2 left on base; Cincinnati 2 - Philadelphia 0 |
BOTTOM OF THE 2ND |
Philadelphia Phillies batting - Pitching for Cincinnati Reds : LHP Dallas Keuchel
|
Batting: RHB A.J. Pollock
|
0-0: Ball 1-0: Called Strike 1-1: Ball 2-1: Ball 3-1: Foul Ball, location: 2F 3-2: Foul Ball, location: 2F 3-2: Ground out 5-3 (Groundball, 56, EV 102.5 MPH)
|
Batting: RHB Giancarlo Stanton
|
0-0: Called Strike 0-1: Fly out, F7 (Flyball, 7LM, EV 90.0 MPH)
|
Batting: LHB David Peralta
|
0-0: Ball 1-0: Called Strike 1-1: Ball 2-1: Fly out, F7 (Flyball, 7D, EV 96.9 MPH)
|
Bottom of the 2nd over - 0 runs, 0 hits, 0 errors, 0 left on base; Cincinnati 2 - Philadelphia 0 |
TOP OF THE 3RD |
Cincinnati Reds batting - Pitching for Philadelphia Phillies : RHP Tanner Roark
|
Batting: LHB Robinson Cano
|
0-0: Called Strike 0-1: Foul Ball, location: 2F 0-2: Strikes out swinging
|
Batting: RHB Gio Urshela
|
0-0: Called Strike 0-1: Ball 1-1: Fly out, F7 (Line Drive, 7, EV 91.9 MPH)
|
Batting: LHB Joey Gallo
|
0-0: Foul Ball, location: 2F 0-1: Ball 1-1: Swinging Strike 1-2: Ball 2-2: Ball 3-2: Foul Ball, location: 2F 3-2: Fly out, F9 (Flyball, 89M, EV 98.8 MPH)
|
Top of the 3rd over - 0 runs, 0 hits, 0 errors, 0 left on base; Cincinnati 2 - Philadelphia 0 |
BOTTOM OF THE 3RD |
Philadelphia Phillies batting - Pitching for Cincinnati Reds : LHP Dallas Keuchel
|
Batting: RHB Carson Kelly
|
0-0: Swinging Strike 0-1: Ball 1-1: Ball 2-1: Called Strike 2-2: Ball 3-2: Strikes out swinging
|
Batting: RHB Scott Kingery
|
0-0: Called Strike 0-1: Swinging Strike 0-2: Ball 1-2: Strikes out swinging
|
Batting: RHB Tanner Roark
|
0-0: Foul Ball, location: 2F 0-1: Called Strike 0-2: Ball 1-2: SINGLE (Groundball, 4MD, EV 94.4 MPH)
|
Batting: RHB Justin Turner
|
0-0: Called Strike 0-1: Ball 1-1: Fly out, F8 (Flyball, 8LXD, EV 103.1 MPH)
|
Bottom of the 3rd over - 0 runs, 1 hit, 0 errors, 1 left on base; Cincinnati 2 - Philadelphia 0 |
TOP OF THE 4TH |
Cincinnati Reds batting - Pitching for Philadelphia Phillies : RHP Tanner Roark
|
Batting: LHB Gregory Polanco
|
0-0: Ball 1-0: Ball 2-0: Ground out 4-3 (Groundball, 4, EV 89.4 MPH)
|
Batting: RHB Tomas Nido
|
0-0: Ball 1-0: Foul Ball, location: 2F 1-1: Fly out, F7 (Flyball, 7, EV 89.4 MPH)
|
Batting: SHB Adalberto Mondesi
|
0-0: Ball 1-0: Foul Ball, location: 2F 1-1: Fly out, F8 (Flyball, 8RD, EV 108.8 MPH)
|
Top of the 4th over - 0 runs, 0 hits, 0 errors, 0 left on base; Cincinnati 2 - Philadelphia 0 |
BOTTOM OF THE 4TH |
Philadelphia Phillies batting - Pitching for Cincinnati Reds : LHP Dallas Keuchel
|
Batting: RHB Wilmer Flores
|
0-0: Ball 1-0: SINGLE (Line Drive, 78M, EV 104.4 MPH)
|
Batting: SHB Ketel Marte
|
0-0: Called Strike 0-1: SINGLE (Groundball, 34, EV 101.3 MPH) (infield hit) Wilmer Flores to second
|
Batting: RHB A.J. Pollock
|
0-0: Foul Ball, location: 2F 0-1: SINGLE (Groundball, 56D, EV 103.8 MPH) Wilmer Flores to third Ketel Marte to second
|
Batting: RHB Giancarlo Stanton
|
0-0: Called Strike 0-1: Called Strike 0-2: Ball 1-2: Ball 2-2: Fly out, F9 (Flyball, 9LS, EV 80.6 MPH)
|
Batting: LHB David Peralta
|
0-0: Ball 1-0: Ball 2-0: GRAND SLAM HOME RUN (Flyball, 89XD, EV 103.8 MPH), Distance : 416 ft
|
Batting: RHB Carson Kelly
|
0-0: Swinging Strike 0-1: Foul Ball, location: 2F 0-2: Ground out 4-3 (Groundball, 34, EV 99.4 MPH)
|
Batting: RHB Scott Kingery
|
0-0: Swinging Strike 0-1: Swinging Strike 0-2: Ball 1-2: Ball 2-2: Ball 3-2: Ground out 5-3 (Groundball, 5L, EV 91.9 MPH)
|
Bottom of the 4th over - 4 runs, 4 hits, 0 errors, 0 left on base; Cincinnati 2 - Philadelphia 4 |
TOP OF THE 5TH |
Cincinnati Reds batting - Pitching for Philadelphia Phillies : RHP Tanner Roark
|
Batting: RHB Kevin Newman
|
0-0: Ball 1-0: Ground out 3-1 (Groundball, 13, EV 92.5 MPH)
|
Batting: LHB Dallas Keuchel
|
0-0: Ball 1-0: Ball 2-0: Called Strike 2-1: Swinging Strike 2-2: Ball 3-2: Strikes out swinging
|
Batting: RHB Trea Turner
|
0-0: Ball 1-0: Called Strike 1-1: Foul Ball, location: 2F 1-2: Strikes out looking
|
Top of the 5th over - 0 runs, 0 hits, 0 errors, 0 left on base; Cincinnati 2 - Philadelphia 4 |
BOTTOM OF THE 5TH |
Philadelphia Phillies batting - Pitching for Cincinnati Reds : LHP Dallas Keuchel
|
Batting: RHB Tanner Roark
|
0-0: Called Strike 0-1: Ball 1-1: Ball 2-1: Called Strike 2-2: Ball 3-2: Strikes out swinging
|
Batting: RHB Justin Turner
|
0-0: Ball 1-0: Called Strike 1-1: Ground out 6-3 (Groundball, 6, EV 102.5 MPH)
|
Batting: RHB Wilmer Flores
|
0-0: Ball 1-0: Ball 2-0: Foul Ball, location: 2F 2-1: Ball 3-1: Called Strike 3-2: SOLO HOME RUN (Flyball, 9D, EV 111.9 MPH), Distance : 398 ft
|
Pitching: RHP Dylan Cease
|
|
Batting: SHB Ketel Marte
|
0-0: Foul Ball, location: 2F 0-1: Ground out 5-3 (Groundball, 56, EV 92.5 MPH)
|
Bottom of the 5th over - 1 run, 1 hit, 0 errors, 0 left on base; Cincinnati 2 - Philadelphia 5 |
TOP OF THE 6TH |
Cincinnati Reds batting - Pitching for Philadelphia Phillies : RHP Tanner Roark
|
Batting: LHB Robinson Cano
|
0-0: Ball 1-0: Foul Ball, location: 2F 1-1: Ground out 1-3 (Groundball, 13, EV 73.8 MPH)
|
Batting: RHB Gio Urshela
|
0-0: Called Strike 0-1: Called Strike 0-2: Ball 1-2: Ball 2-2: Ground out U3 (Groundball, 34S, EV 78.8 MPH)
|
Batting: LHB Joey Gallo
|
0-0: Ball 1-0: SOLO HOME RUN (Flyball, 9D, EV 95.0 MPH), Distance : 391 ft
|
Batting: LHB Gregory Polanco
|
0-0: Called Strike 0-1: Ball 1-1: Foul Ball, location: 2F 1-2: Foul Ball, location: 2F 1-2: Fly out, F1 (Line Drive, P, EV 72.5 MPH)
|
Top of the 6th over - 1 run, 1 hit, 0 errors, 0 left on base; Cincinnati 3 - Philadelphia 5 |
BOTTOM OF THE 6TH |
Philadelphia Phillies batting - Pitching for Cincinnati Reds : RHP Dylan Cease
|
Batting: RHB A.J. Pollock
|
0-0: Ball 1-0: Ball 2-0: Ball 3-0: Swinging Strike 3-1: Base on Balls
|
Batting: RHB Giancarlo Stanton
|
0-0: Fly out, F7 (Flyball, 78D, EV 91.3 MPH)
|
Batting: LHB David Peralta
|
0-0: Ball 1-0: Foul Ball, location: 2F 1-1: Swinging Strike 1-2: Ball 2-2: DOUBLE (Groundball, 5L, EV 104.4 MPH) A.J. Pollock to third
|
Batting: RHB Carson Kelly
|
0-0: Ball 1-0: Ball 2-0: Ball 3-0: Base on Balls
|
Batting: RHB Scott Kingery
|
0-0: Ball 1-0: Ball 2-0: Ball 3-0: Called Strike 3-1: Swinging Strike 3-2: Strikes out swinging
|
Pinch Hitting: LHB Adam Haseley
|
0-0: Ball 1-0: Called Strike 1-1: Swinging Strike 1-2: Foul Ball, location: 2F 1-2: Strikes out swinging
|
Bottom of the 6th over - 0 runs, 1 hit, 0 errors, 3 left on base; Cincinnati 3 - Philadelphia 5 |
TOP OF THE 7TH |
Cincinnati Reds batting - Pitching for Philadelphia Phillies : RHP Tanner Roark
|
Pitching: LHP Alex Claudio
|
|
Batting: RHB Tomas Nido
|
0-0: Called Strike 0-1: Called Strike 0-2: Ball 1-2: Strikes out swinging
|
Batting: SHB Adalberto Mondesi
|
0-0: Foul Ball, location: 2F 0-1: Ball 1-1: Ball 2-1: SINGLE (Groundball, P, EV 85.6 MPH) (infield hit)
|
Batting: RHB Kevin Newman
|
0-0: Foul Ball, location: 2F 0-1: Ball 1-1: Ball 2-1: Fly out, F8 (Flyball, 78M, EV 85.0 MPH)
|
Pinch Hitting: RHB Nelson Cruz
|
0-0: Ball 1-0: Ball 2-0: Ball 3-0: Called Strike 3-1: Base on Balls Adalberto Mondesi to second
|
Batting: RHB Trea Turner
|
0-0: Ball 1-0: Called Strike 1-1: Ball 2-1: Fielders Choice at 2nd, 6-4 (Groundball, 6, EV 77.5 MPH)
|
Top of the 7th over - 0 runs, 1 hit, 0 errors, 2 left on base; Cincinnati 3 - Philadelphia 5 |
BOTTOM OF THE 7TH |
Philadelphia Phillies batting - Pitching for Cincinnati Reds : RHP Dylan Cease
|
Pitching: RHP Jared Hughes
|
|
Batting: RHB Justin Turner
|
0-0: Ball 1-0: Fly out, F8 (Flyball, 8LD, EV 100.6 MPH)
|
Batting: RHB Wilmer Flores
|
0-0: Fly out, F7 (Line Drive, 7, EV 103.8 MPH)
|
Batting: SHB Ketel Marte
|
0-0: Called Strike 0-1: Called Strike 0-2: Foul Ball, location: 2F 0-2: Ball 1-2: Ball 2-2: SINGLE (Groundball, 34D, EV 106.9 MPH)
|
Batting: RHB A.J. Pollock
|
0-0: Called Strike 0-1: Ball 1-1: Ball Ketel Marte steals 2nd base 2-1: Ground out 5-3 (Groundball, 56, EV 100.0 MPH)
|
Bottom of the 7th over - 0 runs, 1 hit, 0 errors, 1 left on base; Cincinnati 3 - Philadelphia 5 |
TOP OF THE 8TH |
Cincinnati Reds batting - Pitching for Philadelphia Phillies : LHP Alex Claudio
|
Pitching: LHP Aaron Fletcher
|
|
Batting: LHB Robinson Cano
|
0-0: Called Strike 0-1: Foul Ball, location: 2F 0-2: Ball 1-2: Strikes out looking
|
Batting: RHB Gio Urshela
|
0-0: Foul Ball, location: 2F 0-1: Ground out 5-3 (Groundball, 56S, EV 82.5 MPH)
|
Batting: LHB Joey Gallo
|
0-0: Ball 1-0: Foul Ball, location: 2F 1-1: Ball 2-1: Ball 3-1: Foul Ball, location: 2F 3-2: Base on Balls
|
Batting: LHB Gregory Polanco
|
0-0: Ball 1-0: Foul Ball, location: 2F 1-1: Swinging Strike 1-2: Ball 2-2: Strikes out swinging
|
Top of the 8th over - 0 runs, 0 hits, 0 errors, 1 left on base; Cincinnati 3 - Philadelphia 5 |
BOTTOM OF THE 8TH |
Philadelphia Phillies batting - Pitching for Cincinnati Reds : RHP Jared Hughes
|
Pitching: RHP Raisel Iglesias
|
|
Batting: RHB Giancarlo Stanton
|
0-0: Ball 1-0: Ball 2-0: Called Strike 2-1: Foul Ball, location: 2F 2-2: SOLO HOME RUN (Flyball, 7LD, EV 102.5 MPH), Distance : 351 ft
|
Batting: LHB David Peralta
|
0-0: Swinging Strike 0-1: Ball 1-1: Swinging Strike 1-2: Foul Ball, location: 2F 1-2: Ball 2-2: Foul Ball, location: 2F 2-2: Strikes out swinging
|
Batting: RHB Carson Kelly
|
0-0: Called Strike 0-1: Ball 1-1: Foul Ball, location: 2F 1-2: Foul Ball, location: 2F 1-2: Strikes out swinging, 2-3 out at first.
|
Batting: RHB Scott Kingery
|
0-0: Ball 1-0: Ball 2-0: Fly out, F8 (Line Drive, 8LM, EV 84.4 MPH)
|
Bottom of the 8th over - 1 run, 1 hit, 0 errors, 0 left on base; Cincinnati 3 - Philadelphia 6 |
TOP OF THE 9TH |
Cincinnati Reds batting - Pitching for Philadelphia Phillies : LHP Aaron Fletcher
|
Pitching: RHP Lou Trivino
|
|
Now at SS: Jake Hager
|
|
Batting: RHB Tomas Nido
|
0-0: Foul Ball, location: 2F 0-1: Swinging Strike 0-2: Ball 1-2: Strikes out swinging
|
Batting: SHB Adalberto Mondesi
|
0-0: Ball 1-0: Foul Ball, location: 2F 1-1: Ball 2-1: Ground out 4-3 (Groundball, 4, EV 98.1 MPH)
|
Batting: RHB Kevin Newman
|
0-0: Ball 1-0: Ball 2-0: Ground out 4-3 (Groundball, 4, EV 86.9 MPH)
|
Top of the 9th over - 0 runs, 0 hits, 0 errors, 0 left on base; Cincinnati 3 - Philadelphia 6 |
|